 Dungeon Crawl Stone Soup version 0.17-a0-1020-ge683cc4 (console) character file.

9332 Monkaria the Carver (level 11, -8/97 HPs)
             Began as a Demonspawn Chaos Knight on May 18, 2015.
             Mangled by Snorg (22 damage)
             ... on level 10 of the Dungeon.
             The game lasted 00:31:03 (11678 turns).

Monkaria the Carver (Demonspawn Chaos Knight)      Turns: 11678, Time: 00:31:03

Health: -8/97      AC: 16    Str: 16    XL:     11   Next: 21%
Magic:  11/11      EV: 25    Int:  9    God:    Xom [..*...]
Gold:   574        SH:  0    Dex: 16    Spells: 0 memorised, 10 levels left

rFire  . . .     SeeInvis .     L - +2 blowgun (evade)
rCold  + . .     Clarity  .     G - +2 ring mail {MR+}
rNeg   . . .     SustAb   +     (no shield)
rPois  .         Gourm    .     (helmet restricted)
rElec  .         Spirit   .     H - +0 cloak
rCorr  .         Warding  .     (no gloves)
rMut   .         Stasis   .     s - +1 pair of boots
MR     ++...                    (no amulet)
Stlth  ++........               m - ring of protection from magic
                                d - ring of sustain abilities

@: agile, very resistant to hostile enchantments, unstealthy
A: antennae 1, hooves 2, iridescent scales 1, clumsy 1, cold resistance 1,
demonic guardian 1, deterioration 1, dopey 2, sense surroundings 1, robust 1,
evolution 1, freezing cloud immunity
a: Renounce Religion


You were on level 10 of the Dungeon.
You worshipped Xom.
You were a toy of Xom.
You were not hungry.

You visited 2 branches of the dungeon, and saw 11 of its levels.
You also visited: Ossuary.

You collected 574 gold pieces.

Inventory:

Hand weapons
 a - a +0 falchion of chaos
 K - a +0 scimitar of flaming
 L - a +2 blowgun of evasion (weapon)
 R - a +0 long sword of draining
Missiles
 o - 52 poisoned needles (quivered)
 v - 4 tomahawks of returning
 M - 6 steel javelins
Armour
 g - the +1 leather armour of Autotheism {*Confuse rPois rN+++ Dex-5}
   (You found it on level 7 of the Dungeon)

   It affects your dexterity (-5).
   It protects you from poison.
   It renders you almost immune to negative energy.
   It may confuse you when you take damage.
 s - a +1 pair of boots (worn)
 A - the +1 leather armour of Vohiz {MR+, unknown}
   (You found it on level 10 of the Dungeon)

   It affects your resistance to hostile enchantments.
 G - a +2 ring mail of magic resistance (worn)
 H - a +0 cloak (worn)
Magical staves
 S - an uncursed staff of death
Jewellery
 d - a ring of sustain abilities (left hand)
 m - a ring of protection from magic (right hand)
 z - an uncursed amulet of stasis
 I - an uncursed ring of poison resistance
 N - a +2 ring of dexterity
 W - an uncursed ring of wizardry
Magical devices
 J - a wand of heal wounds (0)
 P - a wand of confusion (22)
 Q - a wand of disintegration (5)
Scrolls
 j - 2 scrolls of blinking
 n - 4 scrolls of noise
 p - 2 scrolls of magic mapping {unknown}
 r - 6 scrolls of remove curse
 u - a scroll of enchant weapon {unknown}
 w - 5 scrolls of teleportation
 y - 3 scrolls of immolation
 C - 3 scrolls of enchant armour {unknown}
 O - a scroll of holy word {unknown}
 U - 2 scrolls of recharging
 V - a scroll of amnesia
 Y - a scroll of acquirement {unknown}
Potions
 b - 3 potions of might
 f - 6 potions of brilliance
 h - 4 potions of curing
 k - 2 potions of cancellation
 l - 2 potions of ambrosia
 t - 3 potions of resistance
 B - a potion of heal wounds {unknown}
 D - a potion of lignification {unknown}
 E - a potion of invisibility {unknown}
 F - 2 potions of flight {unknown}
 T - a potion of degeneration {unknown}
 Z - a potion of berserk rage {unknown}
Comestibles
 c - 6 bread rations
 i - 5 meat rations
 q - 9 fruits
 x - 4 beef jerkies
 X - 6 chunks of flesh


   Skills:
 - Level 9.0 Fighting
 + Level 10.6 Long Blades
 - Level 7.0 Armour
 - Level 7.1 Dodging


You had 10 spell levels left.
You didn't know any spells.

Dungeon Overview and Level Annotations

Branches:
Dungeon (10/15)            Temple (1/1) D:5
   Lair: D:8-11         Orc: D:9-12

Altars:
Ashenzari
Cheibriados
Dithmenos
Elyvilon
Fedhas
Gozag
Kikubaaqudgha
Makhleb
Nemelex Xobeh
Okawaru
Qazlal
Ru
Sif Muna
Trog
Vehumet
Xom
Yredelemnul
Zin
The Shining One

Shops:
D:6 }

Annotations:
D:10 Snorg


Innate Abilities, Weirdness & Mutations

You have a pair of small antennae on your head.
You are partially covered in iridescent scales (AC +4).
Your flesh is cold resistant.
A weak demonic guardian rushes to your aid.
You are immune to freezing clouds.
You have hoof-like feet.
You are clumsy. (Dex -2)
Your body sometimes deteriorates upon taking damage.
You are very dopey. (Int -4)
You passively map a small area around you.
You are robust (+10% HP).
You evolve.


Message History

You feel much better.
This wand has 1 charge left.
Snorg bites you!
* * * LOW HITPOINT WARNING * * *
Snorg barely misses you. Snorg closely misses you.
Evoke which item? (* to show all) (? for menu, Esc to quit)
Zapping:
J - a wand of heal wounds (1)
Press: ? - help, Shift-Dir - straight line, f - you You feel much better.
This wand has 0 charges left.
Snorg bites you!
* * * LOW HITPOINT WARNING * * *
Snorg completely misses you. x2
Your iron imp hits Snorg!
Snorg completely misses you. Snorg completely misses you. Snorg claws you!
* * * LOW HITPOINT WARNING * * *
Snorg bites you!
* * * LOW HITPOINT WARNING * * *
Snorg misses you. Snorg claws you but does no damage.
Your crimson imp hits Snorg.
Snorg rages.
Snorg bites you!!
You die...
Xom laughs nastily!

#######(##########.#
#......>...........#
#.###...........####
#.##....####.##.#
#.##..(.# #รท##.#
#.##....# #.##[#######
#.#....5## #.##.......#
#.#..#.5.###.########.#
#....<...T@..## #.#
###..##.....).# #.#
#..###.####.## #.# #..#
#.......# #.# #..#
######..# #.##### #..#
#..# #.##... #..# #..#
#.##... #..###### #..#
#.##... #.>.....# #..#
#.###.#


You could see Snorg (berserk), a friendly iron imp and a friendly crimson imp.

Vanquished Creatures
  Erolcha (D:8)
  Erica (D:8)
  2 hill giants
  A two-headed ogre (D:8)
  9 yaks (D:10)
  3 orc warriors
  2 black bears
  5 eyes of draining
  A water moccasin (D:9)
  4 sky beasts
  An ice beast (D:7)
  4 ogres
  A phantom (D:4)
  A tengu (D:7)
  4 centaurs
  3 big kobolds
  An elf zombie (Ossuary)
  A wyvern skeleton (D:9)
  A giant frog (D:7)
  4 scorpions
  A lava snake (D:9)
  2 centaur zombies
  2 crimson imps
  A human zombie (Ossuary)
  2 quasits
  A giant frog skeleton (D:10)
  A giant frog zombie (D:10)
  3 jellies
  Crazy Yiuf (D:7)
  4 orc priests
  4 iguanas
  7 orc wizards
  Jessica (D:2)
  5 hounds
  11 worker ants
  2 big kobold zombies (Ossuary)
  4 hound skeletons
  2 mummies (Ossuary)
  A worker ant zombie (D:6)
  4 gnolls (D:6)
  9 adders
  3 shadow imps
  2 oozes
  2 adder zombies (Ossuary)
  6 worms
  An adder skeleton (D:4)
  A giant gecko (shapeshifter) (D:6)
  27 orcs
  4 ball pythons
  15 bats
  A bat skeleton (D:7)
  10 giant cockroaches
  13 goblins
  12 hobgoblins
  14 jackals
  34 kobolds
  5 quokkas
  A ball python skeleton (D:6)
  9 giant geckos
  4 giant newts
  3 goblin zombies (Ossuary)
  8 hobgoblin zombies (Ossuary)
  11 kobold zombies (Ossuary)
  7 orc zombies (Ossuary)
  2 quokka skeletons
  16 rats
  A rat zombie (Ossuary)
  4 plants (D:7)
334 creatures vanquished.

Vanquished Creatures (collateral kills)
  Joseph (D:7)
  Prince Ribbit (D:8)
  A hippogriff (D:7)
  A black bear (D:9)
  An orc warrior (D:7)
  An ogre (D:5)
  A phantom (D:7)
  15 big kobolds (D:8)
  A giant frog (D:9)
  An orc wizard (D:4)
  A giant gecko (D:6)
  2 orcs (D:7)
  2 goblins (D:7)
  A hobgoblin (D:7)
  3 kobolds (D:8)
  An orc zombie (Ossuary)
  A rat (D:6)
35 creatures vanquished.

Vanquished Creatures (others)
  An oklob plant (D:7)
  16 crimson imps
  10 quasits
  2 killer bees (D:7)
  12 iron imps
  3 shadow imps
  9 white imps
  13 ufetubi
  A hobgoblin (D:6)
  A ball python skeleton (D:5)
  23 toadstools (D:7)
91 creatures vanquished.

Grand Total: 460 creatures vanquished

Notes
Turn   | Place    | Note
--------------------------------------------------------------
     0 | D:1      | Monkaria the Demonspawn Chaos Knight began the quest for the Orb.
     0 | D:1      | Reached XP level 1. HP: 18/18 MP: 1/1
   142 | D:1      | XOM: harmless Erth miscast
   154 | D:1      | Gained mutation: You are partially covered in iridescent scales (AC +4). [demonic ancestry]
   154 | D:1      | Reached XP level 2. HP: 20/24 MP: 2/2
   397 | D:1      | XOM: scenery: create altars
   426 | D:1      | Reached skill level 4 in Fighting
   482 | D:1      | XOM: mild Erth miscast
   582 | D:1      | XOM: harmless Hex miscast
   786 | D:2      | XOM: enchant monster (bad)
   828 | D:2      | Gained mutation: Your flesh is cold resistant. [demonic ancestry]
   828 | D:2      | Reached XP level 3. HP: 30/30 MP: 3/3
   996 | D:2      | XOM: medium Pois miscast
  1018 | D:2      | XOM: colour smoke trail
  1110 | D:2      | XOM: give mutation
  1110 | D:2      | Gained mutation: You have large cloven feet. [Xom's grace]
  1346 | D:2      | XOM: give mutation
  1346 | D:2      | Gained mutation: Your body sometimes deteriorates upon taking damage. [Xom's mischief]
  1379 | D:2      | Noticed Jessica
  1382 | D:2      | XOM: chaos upgrade
  1389 | D:2      | Killed Jessica
  1389 | D:2      | Reached skill level 5 in Fighting
  1389 | D:2      | Reached XP level 4. HP: 8/39 MP: 4/4
  1715 | D:3      | Found a sparkling altar of Nemelex Xobeh.
  1980 | D:3      | Noticed a black bear
  1988 | D:3      | XOM: mild Summ miscast
  1989 | D:3      | Killed a black bear
  1989 | D:3      | Reached XP level 5. HP: 15/44 MP: 5/5
  2228 | D:3      | XOM: 1-stop teleportation journey
  2247 | D:3      | XOM: 4-stop teleportation journey
  2385 | D:3      | Found a glowing silver altar of Zin.
  2538 | D:3      | Gained mutation: A weak demonic guardian rushes to your aid. [demonic ancestry]
  2538 | D:3      | Reached XP level 6. HP: 41/51 MP: 6/6
  2574 | D:3      | XOM: scenery: create altars
  2598 | D:3      | XOM: scenery: 2 doors close
  2774 | D:4      | Found a sand-covered staircase.
  2782 | D:4      | Reached skill level 5 in Long Blades
  2793 | Ossuary  | Entered an ossuary
  2848 | Ossuary  | XOM: noise
  3007 | Ossuary  | XOM: noise
  3118 | Ossuary  | XOM: mild Air miscast
  3242 | Ossuary  | XOM: summons friendly iron imp
  3246 | Ossuary  | XOM: fog
  3299 | Ossuary  | Reached skill level 6 in Long Blades
  3419 | Ossuary  | Reached XP level 7. HP: 24/56 MP: 7/7
  3511 | Ossuary  | XOM: 6-stop teleportation journey
  3526 | Ossuary  | XOM: vitrification
  3661 | D:4      | XOM: medium Divn miscast
  3703 | D:4      | XOM: harmless Necr miscast
  3924 | D:4      | XOM: mild Trmt miscast
  3981 | D:4      | Reached skill level 7 in Long Blades
  4469 | D:4      | XOM: blink monster(s)
  4581 | D:4      | XOM: mild Chrm miscast
  4616 | D:4      | XOM: silly message
  5055 | D:4      | XOM: harmless Necr miscast
  5218 | D:5      | Entered Level 5 of the Dungeon
  5262 | D:5      | Reached skill level 8 in Long Blades
  5262 | D:5      | Reached XP level 8. HP: 34/62 MP: 8/8
  5424 | D:5      | Found a bloodstained altar of Trog.
  5499 | D:5      | Reached skill level 5 in Armour
  5549 | D:5      | XOM: cast spell 'Confusing Touch'
  5551 | D:5      | XOM: harmless Chrm miscast
  5857 | D:5      | XOM: cast spell 'Necromutation'
  5892 | D:5      | Found a deep blue altar of Sif Muna.
  6024 | D:5      | Gained mutation: You are dopey. (Int -2) [mutagenic meat]
  6025 | D:5      | Gained mutation: You passively map a small area around you. [mutagenic meat]
  6026 | D:5      | Gained mutation: You are robust (+10% HP). [mutagenic meat]
  6027 | D:5      | Gained mutation: You have a pair of small horns on your head. [mutagenic meat]
  6028 | D:5      | Gained mutation: Your natural rate of healing is unusually fast. [mutagenic meat]
  6174 | D:5      | Found a staircase to the Ecumenical Temple.
  6241 | D:5      | Found a stormy altar of Qazlal.
  6432 | Temple   | Entered the Ecumenical Temple
  6454 | Temple   | XOM: 3-stop teleportation journey
  6577 | D:6      | Found Xaloxt's Gadget Shoppe.
  6669 | D:6      | XOM: god gift: 2 scrolls of teleportation
  6759 | D:6      | XOM: summons 8 friendly demons
  7084 | D:7      | XOM: confuse monster(s)
  7085 | D:7      | Lost mutation: You have a pair of small horns on your head. [demonic ancestry]
  7085 | D:7      | Gained mutation: You have a pair of small antennae on your head. [demonic ancestry]
  7085 | D:7      | Reached XP level 9. HP: 74/74 MP: 9/9
  7140 | D:7      | Reached skill level 1 in Dodging
  7253 | D:7      | XOM: 5-stop teleportation journey
  7265 | D:7      | Noticed Joseph
  7269 | D:6      | XOM: enchant monster (good)
  7278 | D:6      | XOM: god gift: scroll of blinking
  7279 | D:6      | XOM: summons 4 friendly demons
  7287 | D:6      | XOM: fog
  7298 | D:6      | Noticed a mana viper
  7298 | D:6      | a hippogriff changed into a mana viper
  7299 | D:6      | XOM: snakes to sticks
  7538 | D:7      | XOM: fog
  7589 | D:7      | XOM: enchant monster (good)
  7615 | D:7      | Got an amethyst-encrusted leather armour
  7619 | D:7      | XOM: cast spell 'Summon Swarm'
  7663 | D:7      | Killed Joseph
  7811 | D:7      | XOM: divination: detect creatures
  7836 | D:7      | Noticed Crazy Yiuf
  7847 | D:7      | Killed Crazy Yiuf
  7847 | D:7      | Reached skill level 5 in Dodging
  7853 | D:7      | XOM: vitrification
  7917 | D:7      | XOM: noise
  8054 | D:6      | Identified the +1 leather armour of Autotheism {*Confuse rPois rN+++ Dex-5} (You found it on level 7 of the Dungeon)
  8212 | D:7      | XOM: noise
  8264 | D:7      | XOM: enchant monster (bad)
  8265 | D:7      | XOM: summons 1 friendly demon
  8269 | D:7      | XOM: confusion (+ monsters)
  8432 | D:7      | Found a blossoming altar of Fedhas.
  8455 | D:7      | Noticed an oklob plant
  8554 | D:7      | XOM: enchant monster (good)
  8582 | D:7      | XOM: enchant monster (good)
  8624 | D:7      | XOM: enchant monster (good)
  8631 | D:7      | XOM: divination: detect creatures
  8643 | D:7      | Banished an oklob plant
  8693 | D:8      | XOM: medium Summ miscast
  8862 | D:8      | Found an opulent altar of Gozag.
  8880 | D:8      | Noticed Erica
  8887 | D:8      | Killed Erica
  8887 | D:8      | Gained mutation: You are immune to freezing clouds. [demonic ancestry]
  8887 | D:8      | Reached XP level 10. HP: 58/83 MP: 10/10
  8942 | D:8      | XOM: enchant monster (good)
  9029 | D:8      | Noticed Prince Ribbit
  9034 | D:8      | Killed Prince Ribbit
  9251 | D:8      | XOM: god gift: 15 gold pieces
  9255 | D:8      | Noticed Erolcha
  9264 | D:8      | XOM: summons 4 friendly demons
  9266 | D:8      | Killed Erolcha
  9370 | D:8      | XOM: 1-stop teleportation journey
  9601 | D:9      | Reached skill level 9 in Fighting
  9699 | D:9      | Noticed a hill giant
  9722 | D:9      | XOM: god gift: 6 steel javelins
  9760 | D:9      | XOM: summons friendly shadow imp
  9793 | D:9      | Killed a hill giant
 10005 | D:9      | XOM: noise
 10142 | D:9      | XOM: silly message
 10151 | D:9      | XOM: divination: detect creatures
 10342 | D:10     | Entered Level 10 of the Dungeon
 10369 | D:10     | Gained mutation: Your body often deteriorates upon taking damage. [mutagenic meat]
 10370 | D:10     | Gained mutation: You are clumsy. (Dex -2) [mutagenic meat]
 10371 | D:10     | Gained mutation: You have hoof-like feet. [mutagenic meat]
 10372 | D:10     | Gained mutation: You evolve. [mutagenic meat]
 10551 | D:10     | XOM: smoke on damage
 10686 | D:10     | Lost mutation: Your natural rate of healing is unusually fast. [mutagenic meat]
 10688 | D:10     | Lost mutation: Your body often deteriorates upon taking damage. [mutagenic meat]
 10689 | D:10     | Gained mutation: You are very dopey. (Int -4) [mutagenic meat]
 10852 | D:10     | XOM: noise
 10868 | D:10     | Reached XP level 11. HP: 83/97 MP: 11/11
 10875 | D:10     | XOM: potion effect (brilliance)
 10880 | D:10     | Reached skill level 10 in Long Blades
 10928 | D:10     | Noticed a hill giant
 10958 | D:10     | XOM: divination: detect items
 10965 | D:10     | XOM: harmless Air miscast
 10975 | D:10     | XOM: silly message
 10983 | D:10     | Killed a hill giant
 11023 | D:10     | XOM: harmless Summ miscast
 11099 | D:10     | Noticed Snorg
 11472 | D:10     | XOM: divination: detect creatures
 11479 | D:10     | XOM: divination: detect creatures
 11551 | D:10     | XOM: divination: detect creatures
 11591 | D:10     | Got a pitted leather armour
 11678 | D:10     | Mangled by Snorg

Vault maps used:
D:1:      minmay_arrival_cross
D:2:      first_bread, uniq_jessica
D:3:      nemelex_xobeh_ov_fountains_minmay, old_standard_altar,
          roderic_filled_cross, saegor_snake_ambush
D:4:      portal_sewer_entry_f, nicolae_ossuary_entry_ruins, amethyst_killhole
D:5:      nicolae_qazlal_general_emergency, led_sif_book, trog_eyes_of_draining,
          lemuel_temple_firewalk
D:6:      serial_shops, shop, moated_statue
D:7:      tgw_fedhas, uniq_joseph, uniq_crazy_yiuf_cottage
D:8:      nicolae_gozag_cash_rules_everything_around_me, special_room,
          minmay_misc_feat_ornament, uniq_erolcha, uniq_prince_ribbit1,
          uniq_erica
D:9:      kennysheep_opposing_triangles
D:10:     uniq_snorg
Temple:   circular_temple_12
Ossuary:  ossuary_tomb_1

Action                   |  1- 3 |  4- 6 |  7- 9 | 10-12 || total
-------------------------+-------+-------+-------+-------++-------
Melee: Falchion          |   125 |   309 |   793 |    52 ||  1279
       Scimitar          |       |       |       |   359 ||   359
 Fire: Blowgun           |       |       |       |    20 ||    20
Evoke: Wand              |       |       |       |     4 ||     4
  Use: Scroll            |       |    12 |     6 |     4 ||    22
       Potion            |       |       |     1 |     1 ||     2
 Stab: Paralysed         |       |     3 |    13 |       ||    16
       Confused          |       |     1 |     3 |       ||     4
       Petrifying        |       |       |     2 |       ||     2
       Distracted        |       |       |     1 |       ||     1
  Eat: Chunk             |     1 |     5 |    26 |    20 ||    52
       Fruit             |       |     1 |     1 |       ||     2
